 Dungeon Crawl Stone Soup version 0.32-a0-132-g2d33c3cfaf (webtiles) character file.

Game seed: 17799984916949612526

19 iamserjio the Magician (level 2, 0/22 HPs)
             Began as a Djinni Hedge Wizard on Feb 9, 2024.
             Slain by a gnoll
             ... wielding a +0 spear
              (3 damage)
             ... on level 2 of the Dungeon.
             The game lasted 00:02:10 (245 turns).

iamserjio the Magician (Djinni Hedge Wizard)         Turns: 245, Time: 00:02:10

Health: 0/22       AC:  7    Str:  9    XL:     2   Next: 95%
Gold:   26         EV: 12    Int: 15    God:
                   SH:  0    Dex: 12

rFire   + + .        f - +2 dagger (protect)
rCold   x . .        (no shield)
rNeg    . . .        b - +0 robe
rPois   ∞            d - +0 helmet
rElec   .            (no cloak)
rCorr   .            (no gloves)
SInv    .            (boots unavailable)
Will    .....        (no amulet)
Stlth   ++           h - +4 ring of protection
HPRegen 0.23/turn    (no ring)
MPRegen 0.00/turn

%: infuse magic (-1 HP)
@: on blink cooldown, flying
A: sickness immunity, fire resistance 2, cold vulnerability 1, float, innate
caster, HP casting, extra vitality 1
a: no special abilities


You were on level 2 of the Dungeon.
You visited 1 branch of the dungeon, and saw 2 of its levels.

You collected 26 gold pieces.

Inventory:

Hand Weapons
 a - a +0 dagger
 f - a +2 dagger of protection (weapon)
Armour
 b - a +0 robe (worn)
 c - a +0 hat
 d - a +0 helmet (worn)
Jewellery
 e - a ring of fire
 h - a +4 ring of protection (left hand)
Scrolls
 i - a scroll of identify {unknown}
Potions
 g - a potion of curing {unknown}
 j - a potion of attraction {unknown}


   Skills:
 + Level 1.1 Fighting
 - Level 2.1 Dodging
 - Level 1.5 Stealth
 * Level 3.4 Spellcasting
 * Level 3.4 Conjurations
 * Level 3.4 Hexes
   Level 0.0 Charms
 * Level 3.4 Summonings
 * Level 3.4 Necromancy
 * Level 3.4 Translocations
   Level 0.0 Transmutations
 * Level 3.4 Fire Magic
 * Level 3.4 Ice Magic
 * Level 3.4 Air Magic
 * Level 3.4 Earth Magic
 * Level 3.4 Alchemy


You knew the following spells:

 Your Spells              Type           Power      Damage    Failure   Level
a - Magic Dart            Conj           48%        1d5       4%          1
b - Slow                  Hex            48%        N/A       4%          1
c - Blink                 Tloc           24%        N/A       7%          2
d - Call Imp              Summ           24%        N/A       7%          2
e - Mephitic Cloud        Conj/Alch/Air  12%        N/A       14%         3
Your spell library was empty.

Dungeon Overview and Level Annotations

Branches:
Dungeon (2/15) Zot: 11755

Altars:


Innate Abilities, Weirdness & Mutations

You are immune to sickness and miasma.
You are immune to poison.
Your flesh is very heat resistant. (rF++)
You are vulnerable to cold. (rC-)
You float through the air rather than walking.
You learn spells naturally, not from books.
Your magical power is your life essence.
You have superior vitality. (+4 MHP)


Message History

Press: ? - help, Q - select action, (/) - cycle Shift-Dir - straight line, f/p - gnoll
Aim: a gnoll, wielding a +0 spear and wearing a +0 scale mail (lightly wounded, ally target, 100% to hit)
The magic dart hits the gnoll but does no damage.
The gnoll misses you.
Your cerulean imp closely misses the gnoll.
Aiming: Magic Dart (safe; 4% risk of failure)
Press: ? - help, Q - select action, (/) - cycle Shift-Dir - straight line, f/p - gnoll
Aim: a gnoll, wielding a +0 spear and wearing a +0 scale mail (lightly wounded, ally target, 100% to hit)
The magic dart hits the gnoll but does no damage.
The gnoll barely misses you.
Your cerulean imp hits the gnoll but does no damage.
Aiming: Magic Dart (safe; 4% risk of failure)
Press: ? - help, Q - select action, (/) - cycle Shift-Dir - straight line, f/p - gnoll
Aim: a gnoll, wielding a +0 spear and wearing a +0 scale mail (lightly wounded, ally target, 100% to hit)
The magic dart hits the gnoll but does no damage.
* * * LOW HITPOINT WARNING * * *
The gnoll hits you but does no damage.
Your cerulean imp hits the gnoll but does no damage.
Aiming: Magic Dart (safe; 4% risk of failure)
Press: ? - help, Q - select action, (/) - cycle Shift-Dir - straight line, f/p - gnoll
Aim: a gnoll, wielding a +0 spear and wearing a +0 scale mail (lightly wounded, ally target, 100% to hit)
The magic dart hits the gnoll but does no damage.
* * * LOW HITPOINT WARNING * * *
The gnoll hits you from afar with a +0 spear!
* * * LOW HITPOINT WARNING * * *
Your cerulean imp hits the gnoll but does no damage.
Your cerulean imp barely misses the gnoll.
Your cerulean imp hits the gnoll with a -3 spear.
You aren't carrying any items that you can evoke.
Unknown command.
Casting: Magic Dart (safe; 4% risk of failure)
Okay, then.
Casting: Magic Dart (safe; 4% risk of failure)
You blink.
* * * LOW HITPOINT WARNING * * *
The gnoll hits you but does no damage.
Your cerulean imp hits the gnoll but does no damage.
Okay, then.
You barely miss the gnoll. The gnoll hits you with a +0 spear.
You die...

#...#
#.#
#...#
#.#
##.....
#.#
######
#.# #.#
#.#
####§#
#5g..#
#@####
#.# #.#
#.# #.#
#.# #)#
#.# #.#


You could see a gnoll (ally target) and a friendly cerulean imp (summoned).

Vanquished Creatures
  2 endoplasms (D:1)
  A giant cockroach (D:2)
  A goblin (D:1)
  2 kobolds (D:1)
  A rat (D:1)
7 creatures vanquished.

Vanquished Creatures (collateral kills)
  A gnoll (D:2)
1 creature vanquished.

Grand Total: 8 creatures vanquished

Notes
Turn   | Place    | Note
-------+----------+-------------------------------------------
     0 | D:1      | iamserjio the Djinni Hedge Wizard began the quest for the
                  | Orb.
     0 | D:1      | iamserjio set off with the following spells memorised:
                  | Magic Dart, Slow, Blink, Call Imp, Mephitic Cloud.
     0 | D:1      | Reached XP level 1. HP: 15/15 MP: 0/0
    54 | D:1      | You are sucked into a shaft and drop 1 floor!
   116 | D:1      | Reached XP level 2. HP: 13/22 MP: 0/0
   228 | D:2      | Reached skill level 1 in Fighting
   245 | D:2      | Slain by a gnoll

Illustrated notes

Levels and vault maps discovered:
D:1:      roderic_octagonal_star, layout_rooms,
          shapermc_ecumenical_altar_acropolis, kennysheep_boxes
D:2:      layout_basic

Skill      XL: |  1  2 |
---------------+-------+-----
Fighting       | 1 |  1.1
Dodging        | |  2.1
Stealth        | |  1.5
Spellcasting   | |  3.4
Conjurations   | |  3.4
Hexes          | |  3.4
Summonings     | |  3.4
Necromancy     | |  3.4
Translocations | |  3.4
Fire Magic     | |  3.4
Ice Magic      | |  3.4
Air Magic      | |  3.4
Earth Magic    | |  3.4
Alchemy        | |  3.4

Action                     || total
---------------------------++-------
  Melee: Dagger            ||     1
   Cast: Magic Dart        ||    28
         Call Imp          ||     3
         Blink             ||     1
 Armour: Robe              ||     7
  Dodge: Dodged            ||    13

Table legend: (Time is in decaauts)
 A = Elapsed time spent in this place.
 B = Non-inter-level travel time spent in this place.
 C = Inter-level travel time spent in this place.
 D = Time resting spent in this place.
 E = Time spent auto-exploring this place.
 F = Levels seen in this place.
 G = Mean time per level.
                   A        B        C        D        E       F      G
               +--------+--------+--------+--------+--------+-----+--------+
         Total |    243 |    239 |      4 |      0 |     13 |   2 |  121.5 |
       Dungeon |    243 |    239 |      4 |      0 |     13 |   2 |  121.5 |
               +--------+--------+--------+--------+--------+-----+--------+

Top non-repeatable levels by time:
     D:1: 153 daAuts
     D:2: 90 daAuts
